 Dungeon Crawl Stone Soup version 0.23.2-40-g277498a001 (webtiles) character file.

Game seed: 7099883644870556578

49 AsdQwe the Skirmisher (level 3, -2/33 HPs)
             Began as a Hill Orc Fighter on Sept 6, 2019.
             Slain by an iguana (8 damage)
             ... on level 4 of the Dungeon.
             The game lasted 00:05:37 (1144 turns).

AsdQwe the Skirmisher (Hill Orc Fighter)            Turns: 1144, Time: 00:05:37

Health: -2/33      AC:  9    Str: 19    XL:     3   Next: 75%
Magic:  3/3        EV:  5    Int:  8    God:
Gold:   43         SH:  9    Dex: 10    Spells: 2/2 levels left

rFire    . . .     SeeInvis .   a - +0 long sword
rCold    . . .     Gourm    .   c - +0 shield
rNeg     . . .     Faith    .   e - +0 chain mail
rPois    .         Spirit   .   (no helmet)
rElec    .         Reflect  .   (no cloak)
rCorr    .         Harm     .   (no gloves)
MR       .....                  (no boots)
Stlth    ..........             (no amulet)
HPRegen  0.11/turn              (no ring)
MPRegen  0.08/turn              (no ring)

@: no status effects
A: no striking features
a: no special abilities


You were on level 4 of the Dungeon.
You were not hungry.

You visited 1 branch of the dungeon, and saw 4 of its levels.

You collected 43 gold pieces.

Inventory:

Hand Weapons
 a - a +0 long sword (weapon)
 o - a +0 short sword
 r - a +1 hand axe of venom
Missiles
 h - a throwing net (quivered)
 q - 6 tomahawks
Armour
 b - a +0 scale mail
 c - a +0 shield (worn)
 e - a +0 chain mail (worn)
 g - a +0 leather armour
Jewellery
 i - an uncursed amulet of the gourmand {unknown}
Scrolls
 k - a scroll of teleportation {unknown}
 s - a scroll of enchant weapon {unknown}
 t - a scroll of identify {unknown}
 u - 2 scrolls of amnesia {unknown}
Potions
 d - a potion of might
 j - 2 potions of curing {unknown}
 l - a potion of heal wounds {unknown}
 m - a potion of invisibility {unknown}
 n - a potion of cancellation {unknown}
 p - a potion of lignification {unknown}
Comestibles
 f - a ration


   Skills:
 + Level 4.1 Fighting
 + Level 3.1 Long Blades
 + Level 3.7 Armour
 + Level 3.7 Shields


You had 2 spell levels left.
You didn't know any spells.
Your spell library was empty.

Dungeon Overview and Level Annotations

Branches:
Dungeon (4/15)
 Temple: D:4-7

Altars:
Hepliaklqana
Xom

Shops:
D:4 *


Message History

Your shield and chain mail prevent you from hitting the adder.
The adder is almost dead.
You block the adder's attack.
You slash the adder!
You kill the adder!
Your Long Blades skill increases to level 3!
You feel sick.
You are no longer poisoned.
You block the iguana's attack.
You hit the iguana but do no damage. The iguana barely misses you.
You riposte.
Your chain mail prevents you from hitting the iguana.
You hit the iguana but do no damage. You block the iguana's attack.
You closely miss the iguana.
The iguana bites you but does no damage. x2
Your shield and chain mail prevent you from hitting the iguana.
The iguana bites you!
* * * LOW HITPOINT WARNING * * *
You hit the iguana but do no damage. You block the iguana's attack.
You closely miss the iguana. The iguana bites you!
You die...

############## .
............#
..###........#.# ######
.............#.##.....##
...............l@.......
...............##...).##
...............# ..)..#
...............# .......
...............# .######
.........####..# .#
.........####..# .#
##########.....# .#
#.....# .#


You could see an iguana.

Vanquished Creatures
  2 adders (D:4)
  A gnoll (D:1)
  A worm (D:2)
  A dart slug (D:1)
  A goblin (D:1)
  2 hobgoblins
  2 jackals (D:1)
  2 kobolds (D:1)
  A quokka (D:4)
  A ball python (D:1)
  2 bats
  A rat (D:2)
17 creatures vanquished.

Notes
Turn   | Place    | Note
-------+----------+-------------------------------------------
     0 | D:1      | AsdQwe the Hill Orc Fighter began the quest for the Orb.
     0 | D:1      | Reached XP level 1. HP: 19/19 MP: 1/1
   152 | D:1      | Reached XP level 2. HP: 26/27 MP: 2/2
   283 | D:1      | Reached skill level 4 in Fighting
   493 | D:2      | Reached XP level 3. HP: 33/33 MP: 3/3
   770 | D:2      | Found a hazy altar of Hepliaklqana.
   772 | D:2      | Found a shimmering altar of Xom.
   773 | D:2      | Noticed a spectral ugly thing
   909 | D:4      | Found Ecowk's Assorted Antiques.
  1144 | D:4      | Slain by an iguana

Skill      XL: |  1  2  3 |
---------------+----------+-----
Fighting       | 4 |  4.1
Long Blades    | 3 |  3.1
Armour         | |  3.7
Shields        | |  3.7

Action                   || total
-------------------------++-------
Melee: Long sword        ||    83
  Eat: Ration            ||     1
Armor: Chain mail        ||    51
       Scale mail        ||     3
Dodge: Dodged            ||    21
Block: Shield            ||    45
       Rpst.: Long sword ||     5
